Penguins vs Heat

Created - Sunday, March 27, 2016 at 03:08

Goals
1 2 3 T
Penguins 1 0 0 1
Heat 1 1 2 4
Shots
1 2 3 T
Penguins 15 6 8 29
Heat 6 4 14 24

1st period

1. Heat , Johan Larsson 20 (Andre Burakovsky, Keith Ballard) at 12:39 (PP)
2. Penguins , Adam Clendening 24 (Xavier Ouellet) at 16:05 (PP)

Penalties :
Keith Ballard (STO) for Hooking (Minor) at 2:01, Adam Clendening (WBS) for Hooking (Minor) at 11:58, Eric Boulton (STO) for Delaying the game (Minor) at 15:40

2nd period

3. Heat , Seth Griffith 41 (Tyler Wotherspoon, Brooks Laich) at 3:46

Penalties :
Keith Ballard (STO) for Holding (Minor) at 9:01

3rd period

4. Heat , Lucas Lessio 10 (Michael Ryder, Jason Garrison) at 2:04
5. Heat , Brooks Laich 9 (Seth Griffith) at 18:52

Penalties :
Akim Aliu (WBS) for Slashing (Minor) at 4:32, Tyson Strachan (STO) for Hooking (Minor) at 8:53, Johan Larsson (STO) for Hooking (Minor) at 16:20

Goalie Stats

Martin Brodeur (WBS), 20 saves from 24 shots - (0.833), L, 25-9-9, 60:00 minutes
Andrei Vasilevskiy (STO), 28 saves from 29 shots - (0.966), W, 6-1-1, 60:00 minutes

Players Stats for Penguins

Player Name              G  A  P  +/- PIM S  H  SB GA TA FO     MP     PP MP  PK MP  
------------------------------------------------------------------------------------
Adam Clendening          1  0  1  -1  2   6  1  1  1  0  0/0    20:07   4:33   1:29 
Akim Aliu                0  0  0   0  2   1  3  0  1  0  0/0     8:49   0:00   0:00 
Carson McMillan          0  0  0   0  0   2  3  1  0  1  5/14   18:41   4:44   0:00 
Charles Sarault          0  0  0  -2  0   1  2  0  4  0  3/7    16:17   0:43   0:00 
Danny Biega              0  0  0  -2  0   3  1  1  3  0  0/0    20:19   3:48   0:30 
Dustin Gazley            0  0  0   0  0   0  1  0  4  0  1/2    18:41   4:44   0:00 
FARM PLAYER15            0  0  0   0  0   0  1  1  0  2  0/2    15:41   0:03   0:00 
FARM PLAYER20            0  0  0  -2  0   0  0  0  0  0  0/0    20:42   3:48   0:30 
FARM PLAYER23            0  0  0   0  0   0  0  0  0  0  0/0     4:46   0:00   0:00 
FARM PLAYER25            0  0  0   0  0   0  0  0  0  0  0/0    14:56   0:00   0:41 
Jason Gregoire           0  0  0  -2  0   4  1  1  3  0  0/2    15:15   0:37   0:00 
Jay Rosehill             0  0  0   0  0   0  1  0  0  0  1/1     9:03   0:00   0:00 
Justin Vaive             0  0  0   0  0   2  3  1  2  0  1/2    18:41   4:44   0:00 
Mark Louis               0  0  0  -2  0   2  1  0  0  0  0/0    14:38   0:00   0:00 
Matt Mangene             0  0  0  -1  0   0  1  1  1  0  0/1    15:11   3:37   0:00 
Patrice Cormier          0  0  0  -1  0   3  1  0  0  1  6/12   21:50   2:51   2:40 
Philippe Cornet          0  0  0  -1  0   0  1  0  2  1  0/0    18:15   3:00   2:40 
Xavier Ouellet           0  1  1  -1  0   5  0  2  2  0  0/0    25:26   4:33   2:10 

Players Stats for Heat

Player Name              G  A  P  +/- PIM S  H  SB GA TA FO     MP     PP MP  PK MP  
------------------------------------------------------------------------------------
Andre Burakovsky         0  1  1   0  0   2  0  1  4  0  2/3    14:45   1:20   0:00 
Brooks Laich             1  1  2   2  0   4  2  2  1  1  0/0    12:58   1:20   0:00 
Corey Potter             0  0  0   2  0   1  2  0  0  0  0/0    17:26   1:13   2:51 
Eric Boulton             0  0  0   0  2   0  5  0  1  1  1/1    10:51   0:00   0:00 
Jason Garrison           0  1  1   0  0   0  0  1  0  2  0/0    22:42   1:13   2:48 
Johan Larsson            1  0  1   0  2   2  2  0  0  0  7/10   15:06   1:20   0:00 
Keith Ballard            0  1  1   2  4   1  1  3  0  1  0/0    18:20   1:27   2:36 
Lucas Lessio             1  0  1   1  0   4  2  0  0  0  0/0    11:14   0:00   0:00 
Matt Ellis               0  0  0   2  0   0  1  0  0  1  6/12   13:13   1:20   0:00 
Max Reinhart             0  0  0   1  0   0  0  1  0  0  5/5    16:40   0:00   3:58 
Michael Ferland          0  0  0   0  0   0  2  1  0  1  0/3    15:22   0:00   4:23 
Michael Ryder            0  1  1   1  0   1  2  1  1  0  0/0    16:40   0:00   3:58 
Petter Granberg          0  0  0   1  0   0  3  0  0  0  0/0    22:47   0:00   2:48 
Seth Griffith            1  1  2   2  0   4  0  0  0  2  0/1    13:13   1:20   0:00 
Stephane Veilleux        0  0  0   0  0   1  0  1  0  0  0/0    15:00   1:20   0:00 
Tyler Pitlick            0  0  0   0  0   1  1  0  1  0  5/8    15:22   0:00   4:23 
Tyler Wotherspoon        0  1  1   1  0   0  2  1  0  1  0/0    18:05   0:00   1:24 
Tyson Strachan           0  0  0   0  2   3  4  4  1  5  0/0    21:50   1:27   4:15 

3 Stars

1 - Brooks Laich (STO)
2 - Seth Griffith (STO)
3 - Andrei Vasilevskiy (STO)

Power Play

Penguins - 1 on 5 Attempt(s) - 20.00%
Heat - 1 on 2 Attempt(s) - 50.00%

Penalty Kill

Penguins - 1 on 2 Attempt(s) - 50.00% - Score 0 goal in Penalty Kill
Heat - 4 on 5 Attempt(s) - 80.00% - Score 0 goal in Penalty Kill

Team Stat

Penguins - Hits : 21 - Faceoff Wins : 17 - Blocked Shots : 9 - Penalty Minutes : 4
Heat - Hits : 29 - Faceoff Wins : 26 - Blocked Shots : 16 - Penalty Minutes : 10

Official

Referees : Unknown
Linesman : Unknown

Game Notes

No Game Note

Finance

Level 1 -- Attendance: 1643 (82.15%) -- Ticket Income $49,290
Level 2 -- Attendance: 690 (69.00%) -- Ticket Income $6,900
Total Attendance: 2333 (77.77%)
Total Ticket Income: $56,190
Other Income: $27,533
Total Income: $83,723

Penguins

5 vs 5 Forward 
   Center                   Left Wing                Right Wing               Time % Phy DF OF 
 1 Patrice Cormier          Philippe Cornet          Matt Mangene             35     1   2  2  
 2 Carson McMillan          Justin Vaive             Dustin Gazley            30     1   2  2  
 3 Charles Sarault          Jason Gregoire           Mark Louis               22     1   2  2  
 4 Patrice Cormier          Jay Rosehill             Akim Aliu                13     1   2  2  

5 vs 5 Defense 
   Defense                  Defense                                           Time % Phy DF OF 
 1 Xavier Ouellet           Adam Clendening                                   35     1   2  2  
 2 Danny Biega              FARM PLAYER20                                     30     1   2  2  
 3 FARM PLAYER15            FARM PLAYER25                                     22     1   2  2  
 4 FARM PLAYER23            Xavier Ouellet                                    13     1   2  2  

PowerPlay Forward 
   Center                   Left Wing                Right Wing               Time % Phy DF OF 
 1 Patrice Cormier          Philippe Cornet          Matt Mangene             60     1   2  2  
 2 Carson McMillan          Justin Vaive             Dustin Gazley            40     1   2  2  

PowerPlay Defense
   Defense                  Defense                                           Time % Phy DF OF 
 1 Xavier Ouellet           Adam Clendening                                   60     1   2  2  
 2 Danny Biega              FARM PLAYER20                                     40     1   2  2  

Penalty Kill 4 Players Forward 
   Center                   Wing                     Time % Phy DF OF 
 1 Patrice Cormier          Philippe Cornet          60     1   2  2  
 2 Justin Vaive             Matt Mangene             40     1   2  2  

Penalty Kill 4 Players Defense
   Defense                  Defense                  Time % Phy DF OF 
 1 Xavier Ouellet           Adam Clendening          60     1   2  2  
 2 Danny Biega              FARM PLAYER20            40     1   2  2  

Penalty Kill - 3 Players Forward 
   Forward                                           Time % Phy DF OF 
 1 Patrice Cormier                                   60     1   2  2  
 2 Philippe Cornet                                   40     1   2  2  

Penalty Kill - 3 Players Defense
   Defense                  Defense                  Time % Phy DF OF 
 1 Xavier Ouellet           Adam Clendening          60     1   2  2  
 2 Danny Biega              FARM PLAYER20            40     1   2  2  

4 vs 4 Forward 
   Center                   Wing                     Time % Phy DF OF 
 1 Patrice Cormier          Philippe Cornet          60     1   2  2  
 2 Justin Vaive             Matt Mangene             40     1   2  2  

4 vs 4 Defense
   Defense                  Defense                  Time % Phy DF OF 
 1 Xavier Ouellet           Adam Clendening          60     1   2  2  
 2 Danny Biega              FARM PLAYER20            40     1   2  2  

Last Minutes Offensive
   Center                   Left Wing                Right Wing               Defense                  Defense                  
   Patrice Cormier          Philippe Cornet          Matt Mangene             Xavier Ouellet           Adam Clendening          

Last Minutes Defensive
   Center                   Left Wing                Right Wing               Defense                  Defense                  
   Patrice Cormier          Philippe Cornet          Matt Mangene             Xavier Ouellet           Adam Clendening          

Goaltenders
Starting : Martin Brodeur           
Backup : Dan Ellis                

Extra Forwards
Normal : Charles Sarault, Jason Gregoire, Jay Rosehill - PP : Charles Sarault, Jason Gregoire - PK : Jay Rosehill
Extra Defensemen
Normal : FARM PLAYER15, FARM PLAYER25, FARM PLAYER23 - PP : FARM PLAYER15 - PK : FARM PLAYER25, FARM PLAYER23
Penalty Shots
Patrice Cormier, Philippe Cornet, Justin Vaive, Matt Mangene, Carson McMillan

Heat

5 vs 5 Forward 
   Center                   Left Wing                Right Wing               Time % Phy DF OF 
 1 Johan Larsson            Stephane Veilleux        Andre Burakovsky         28     0   1  4  
 2 Matt Ellis               Brooks Laich             Seth Griffith            25     0   1  4  
 3 Max Reinhart             Lucas Lessio             Michael Ryder            25     0   1  4  
 4 Tyler Pitlick            Michael Ferland          Eric Boulton             22     1   2  2  

5 vs 5 Defense 
   Defense                  Defense                                           Time % Phy DF OF 
 1 Jason Garrison           Tyson Strachan                                    35     1   2  2  
 2 Petter Granberg          Tyler Wotherspoon                                 30     1   2  2  
 3 Keith Ballard            Corey Potter                                      25     1   2  2  
 4 Jason Garrison           Petter Granberg                                   10     1   2  2  

PowerPlay Forward 
   Center                   Left Wing                Right Wing               Time % Phy DF OF 
 1 Johan Larsson            Brooks Laich             Andre Burakovsky         50     0   0  5  
 2 Matt Ellis               Stephane Veilleux        Seth Griffith            50     0   0  5  

PowerPlay Defense
   Defense                  Defense                                           Time % Phy DF OF 
 1 Jason Garrison           Corey Potter                                      50     0   0  5  
 2 Keith Ballard            Tyson Strachan                                    50     0   0  5  

Penalty Kill 4 Players Forward 
   Center                   Wing                     Time % Phy DF OF 
 1 Tyler Pitlick            Michael Ferland          50     0   5  0  
 2 Max Reinhart             Michael Ryder            50     0   5  0  

Penalty Kill 4 Players Defense
   Defense                  Defense                  Time % Phy DF OF 
 1 Keith Ballard            Tyson Strachan           50     0   5  0  
 2 Jason Garrison           Petter Granberg          50     0   5  0  

Penalty Kill - 3 Players Forward 
   Forward                                           Time % Phy DF OF 
 1 Tyler Pitlick                                     50     0   5  0  
 2 Max Reinhart                                      50     0   5  0  

Penalty Kill - 3 Players Defense
   Defense                  Defense                  Time % Phy DF OF 
 1 Jason Garrison           Keith Ballard            50     0   5  0  
 2 Tyler Wotherspoon        Tyson Strachan           50     0   5  0  

4 vs 4 Forward 
   Center                   Wing                     Time % Phy DF OF 
 1 Matt Ellis               Andre Burakovsky         50     1   2  2  
 2 Johan Larsson            Seth Griffith            50     1   2  2  

4 vs 4 Defense
   Defense                  Defense                  Time % Phy DF OF 
 1 Jason Garrison           Corey Potter             50     1   2  2  
 2 Keith Ballard            Tyson Strachan           50     1   2  2  

Last Minutes Offensive
   Center                   Left Wing                Right Wing               Defense                  Defense                  
   Johan Larsson            Lucas Lessio             Andre Burakovsky         Jason Garrison           Keith Ballard            

Last Minutes Defensive
   Center                   Left Wing                Right Wing               Defense                  Defense                  
   Matt Ellis               Stephane Veilleux        Brooks Laich             Jason Garrison           Tyson Strachan           

Goaltenders
Starting : Andrei Vasilevskiy       
Backup : Michael Leighton         

Extra Forwards
Normal : Michael Ryder, Michael Ferland, Stephane Veilleux - PP : Michael Ryder, Michael Ferland - PK : Eric Boulton
Extra Defensemen
Normal : Keith Ballard, Corey Potter, Tyler Wotherspoon - PP : Petter Granberg - PK : Corey Potter, Tyler Wotherspoon
Penalty Shots
Michael Ryder, Lucas Lessio, Max Reinhart, Andre Burakovsky, Johan Larsson

% Time on Ice - Penguins

Lines # - Real PCT - Wanted PCT - Time Play
Normal Forward
1 - 26% - 35% - 12:35
2 - 28% - 30% - 13:57
3 - 30% - 22% - 14:38
4 - 16% - 13% - 7:49
Normal Defense
1 - 29% - 35% - 14:06
2 - 33% - 30% - 16:01
3 - 29% - 22% - 14:06
4 - 10% - 13% - 4:46
PP Forward
1 - 43% - 60% - 3:37
2 - 57% - 40% - 4:44
PP Defense
1 - 54% - 60% - 4:33
2 - 46% - 40% - 3:48
PK Forward
1 - 100% - 60% - 2:40
2 - 0% - 40% - 0:00
PK Defense
1 - 81% - 60% - 2:10
2 - 19% - 40% - 0:30
PK3 Forward
1 - 0% - 60%
2 - 0% - 40%
PK3 Defense
1 - 0% - 60%
2 - 0% - 40%
44 Forward
1 - 0% - 60%
2 - 0% - 40%
44 Defense
1 - 0% - 60%
2 - 0% - 40%
Last Minute Offensive  - 0:00
Last Minute Defensive  - 0:00
Total
Forward - 60:00
Defense - 60:00

% Time on Ice - Heat

Lines # - Real PCT - Wanted PCT - Time Play
Normal Forward
1 - 28% - 28% - 13:32
2 - 27% - 25% - 13:21
3 - 23% - 25% - 11:14
4 - 22% - 22% - 10:52
Normal Defense
1 - 32% - 35% - 15:54
2 - 32% - 30% - 15:38
3 - 26% - 25% - 12:51
4 - 9% - 10% - 4:36
PP Forward
1 - 50% - 50% - 1:20
2 - 50% - 50% - 1:20
PP Defense
1 - 46% - 50% - 1:13
2 - 54% - 50% - 1:27
PK Forward
1 - 52% - 50% - 4:23
2 - 48% - 50% - 3:58
PK Defense
1 - 66% - 50% - 5:33
2 - 34% - 50% - 2:48
PK3 Forward
1 - 0% - 50%
2 - 0% - 50%
PK3 Defense
1 - 0% - 50%
2 - 0% - 50%
44 Forward
1 - 0% - 50%
2 - 0% - 50%
44 Defense
1 - 0% - 50%
2 - 0% - 50%
Last Minute Offensive  - 0:00
Last Minute Defensive  - 0:00
Total
Forward - 60:00
Defense - 60:00

Play by Play

1st period


0:01 of 1st period - Andre Burakovsky wins face-off versus Patrice Cormier in neutral zone.
0:12 of 1st period - Slapshot by Xavier Ouellet.
0:12 of 1st period - Shot Blocked by Tyson Strachan.
0:14 of 1st period - Snap shot by Philippe Cornet.
0:14 of 1st period - Shot Blocked by Jason Garrison.
0:16 of 1st period - Snap shot by Matt Mangene.
0:16 of 1st period - Shot Hit the Post.
0:18 of 1st period - Wrist shot by Philippe Cornet.
0:18 of 1st period - Shot Misses the Net.
0:20 of 1st period - Wrist shot by Patrice Cormier.
0:20 of 1st period - Shot Misses the Net.
0:22 of 1st period - Snap shot by Matt Mangene.
0:22 of 1st period - Shot Misses the Net.
0:24 of 1st period - Snap shot by Xavier Ouellet.
0:24 of 1st period - Deflect By Johan Larsson.
0:24 of 1st period - Stopped by Andrei Vasilevskiy without a rebound.
0:25 of 1st period - Matt Ellis wins face-off versus Carson McMillan in Heat zone.
1:32 of 1st period - Jason Gregoire is hit by Tyson Strachan and loses puck.
1:43 of 1st period - Jason Garrison is hit by Jason Gregoire and loses puck.
2:01 of 1st period - Minor Penalty to Keith Ballard for Hooking.
2:02 of 1st period - Tyler Pitlick wins face-off versus Patrice Cormier in Heat zone.
2:31 of 1st period - Tyson Strachan is hit by Matt Mangene and loses puck.
3:07 of 1st period - Snap shot by Danny Biega.
3:07 of 1st period - Stopped by Andrei Vasilevskiy with a rebound.
3:09 of 1st period - Wrist shot by Danny Biega.
3:09 of 1st period - Shot Blocked by Michael Ferland.
3:29 of 1st period - Patrice Cormier is hit by Corey Potter and loses puck.
3:40 of 1st period - Slapshot by Adam Clendening.
3:40 of 1st period - Shot Blocked by Tyson Strachan.
4:01 of 1st period - Penalty to Keith Ballard is over, Keith Ballard is back on ice.
4:01 of 1st period - Carson McMillan is hit by Tyson Strachan and loses puck.
4:23 of 1st period - Wrist shot by Jason Gregoire.
4:23 of 1st period - Stopped by Andrei Vasilevskiy with a rebound.
4:27 of 1st period - Snap shot by Mark Louis.
4:27 of 1st period - Shot Misses the Net.
4:29 of 1st period - Wrist shot by Jason Gregoire.
4:29 of 1st period - Shot Blocked by Tyson Strachan.
4:31 of 1st period - Snap shot by Mark Louis.
4:31 of 1st period - Stopped by Andrei Vasilevskiy without a rebound.
4:32 of 1st period - Jay Rosehill wins face-off versus Matt Ellis in Heat zone.
4:37 of 1st period - Slapshot by Akim Aliu.
4:37 of 1st period - Stopped by Andrei Vasilevskiy with a rebound.
5:52 of 1st period - Johan Larsson is hit by Philippe Cornet and loses puck.
6:05 of 1st period - Slapshot by Adam Clendening.
6:05 of 1st period - Shot Misses the Net.
6:07 of 1st period - Snap shot by Carson McMillan.
6:07 of 1st period - Stopped by Andrei Vasilevskiy without a rebound.
6:08 of 1st period - Carson McMillan wins face-off versus Michael Ferland in Heat zone.
6:29 of 1st period - Michael Ferland is hit by Carson McMillan and loses puck.
8:03 of 1st period - Wrist shot by Johan Larsson.
8:03 of 1st period - Stopped by Martin Brodeur with a rebound.
8:37 of 1st period - Carson McMillan is hit by Matt Ellis and loses puck.
9:38 of 1st period - Wrist shot by Danny Biega.
9:38 of 1st period - Shot Misses the Net.
9:40 of 1st period - Backhand shot by FARM PLAYER20.
9:40 of 1st period - Deflect By Charles Sarault.
9:40 of 1st period - Shot Misses the Net.
9:40 of 1st period - Puck is out of play.
9:41 of 1st period - Andre Burakovsky wins face-off versus Charles Sarault in Heat zone.
9:52 of 1st period - Snap shot by Charles Sarault.
9:52 of 1st period - Shot Misses the Net.
9:54 of 1st period - Slapshot by Danny Biega.
9:54 of 1st period - Shot Misses the Net.
9:56 of 1st period - Snap shot by Jason Gregoire.
9:56 of 1st period - Stopped by Andrei Vasilevskiy without a rebound.
9:57 of 1st period - Patrice Cormier wins face-off versus Johan Larsson in Heat zone.
10:25 of 1st period - Snap shot by Adam Clendening.
10:25 of 1st period - Stopped by Andrei Vasilevskiy with a rebound.
10:37 of 1st period - Snap shot by Danny Biega.
10:37 of 1st period - Shot Blocked by Andre Burakovsky.
10:55 of 1st period - Petter Granberg is hit by Justin Vaive and loses puck.
11:16 of 1st period - Wrist shot by Michael Ryder.
11:16 of 1st period - Shot Blocked by Matt Mangene.
11:22 of 1st period - Lucas Lessio is hit by Patrice Cormier and loses puck.
11:33 of 1st period - Max Reinhart is hit by Charles Sarault and loses puck.
11:38 of 1st period - Slapshot by Adam Clendening.
11:38 of 1st period - Stopped by Andrei Vasilevskiy without a rebound.
11:39 of 1st period - Eric Boulton wins face-off versus Jason Gregoire in Heat zone.
11:39 of 1st period - Eric Boulton is hit by Charles Sarault.
11:58 of 1st period - Minor Penalty to Adam Clendening for Hooking.
11:59 of 1st period - Patrice Cormier wins face-off versus Matt Ellis in Penguins zone.
12:13 of 1st period - Wrist shot by Seth Griffith.
12:13 of 1st period - Shot Misses the Net.
12:15 of 1st period - Slapshot by Corey Potter.
12:15 of 1st period - Deflect By Patrice Cormier.
12:15 of 1st period - Stopped by Martin Brodeur with a rebound.
12:17 of 1st period - Snap shot by Matt Ellis.
12:17 of 1st period - Shot Misses the Net.
12:19 of 1st period - Wrist shot by Matt Ellis.
12:19 of 1st period - Shot Misses the Net.
12:21 of 1st period - Slapshot by Seth Griffith.
12:21 of 1st period - Shot Misses the Net.
12:23 of 1st period - Slapshot by Keith Ballard.
12:23 of 1st period - Stopped by Martin Brodeur with a rebound.
12:25 of 1st period - Snap shot by Matt Ellis.
12:25 of 1st period - Shot Misses the Net.
12:27 of 1st period - Slapshot by Tyson Strachan.
12:27 of 1st period - Shot Blocked by Xavier Ouellet.
12:39 of 1st period - Wrist shot by Johan Larsson.
12:39 of 1st period - Goal by Johan Larsson - Penguins : 0 - Heat : 1.
12:40 of 1st period - Tyler Pitlick wins face-off versus Justin Vaive in neutral zone.
13:29 of 1st period - Jason Garrison is hit by Danny Biega and loses puck.
14:39 of 1st period - Snap shot by Xavier Ouellet.
14:39 of 1st period - Deflect By Dustin Gazley.
14:39 of 1st period - Shot Blocked by Keith Ballard.
14:39 of 1st period - Puck is out of play.
14:40 of 1st period - Carson McMillan wins face-off versus Johan Larsson in Heat zone.
15:01 of 1st period - Adam Clendening is hit by Johan Larsson and loses puck.
15:29 of 1st period - Slapshot by Danny Biega.
15:29 of 1st period - Shot Misses the Net.
15:31 of 1st period - Slapshot by Danny Biega.
15:31 of 1st period - Deflect By Jason Garrison.
15:31 of 1st period - Stopped by Andrei Vasilevskiy without a rebound.
15:32 of 1st period - Charles Sarault wins face-off versus Tyler Pitlick in Heat zone.
15:40 of 1st period - Minor Penalty to Eric Boulton for Delaying the game.
15:41 of 1st period - Max Reinhart wins face-off versus Carson McMillan in Heat zone.
15:47 of 1st period - Slapshot by Michael Ryder.
15:47 of 1st period - Deflect By Justin Vaive.
15:47 of 1st period - Stopped by Martin Brodeur without a rebound.
15:48 of 1st period - Max Reinhart wins face-off versus Carson McMillan in Penguins zone.
16:05 of 1st period - Slapshot by Adam Clendening.
16:05 of 1st period - Goal by Adam Clendening - Penguins : 1 - Heat : 1.
16:06 of 1st period - Matt Ellis wins face-off versus Dustin Gazley in neutral zone.
16:15 of 1st period - Slapshot by Adam Clendening.
16:15 of 1st period - Stopped by Andrei Vasilevskiy with a rebound.
16:37 of 1st period - Slapshot by Adam Clendening.
16:37 of 1st period - Deflect By Carson McMillan.
16:37 of 1st period - Stopped by Andrei Vasilevskiy with a rebound.
16:39 of 1st period - Snap shot by Adam Clendening.
16:39 of 1st period - Shot Blocked by Brooks Laich.
16:43 of 1st period - Slapshot by Xavier Ouellet.
16:43 of 1st period - Shot Misses the Net.
17:21 of 1st period - Snap shot by Lucas Lessio.
17:21 of 1st period - Stopped by Martin Brodeur without a rebound.
17:22 of 1st period - Johan Larsson wins face-off versus Charles Sarault in Penguins zone.
17:37 of 1st period - Wrist shot by Johan Larsson.
17:37 of 1st period - Shot Misses the Net.
18:30 of 1st period - Slapshot by Patrice Cormier.
18:30 of 1st period - Stopped by Andrei Vasilevskiy with a rebound.
18:32 of 1st period - Snap shot by Patrice Cormier.
18:32 of 1st period - Stopped by Andrei Vasilevskiy with a rebound.
18:44 of 1st period - Snap shot by Carson McMillan.
18:44 of 1st period - Shot Misses the Net.
19:12 of 1st period - Tyson Strachan is hit by Dustin Gazley and loses puck.
19:27 of 1st period - Snap shot by Eric Boulton.
19:27 of 1st period - Shot Misses the Net.
Goals for this period are 1 for Penguins vs 1 for Heat.
Shots for this period are 15 for Penguins vs 6 for Heat.

2nd period


0:01 of 2nd period - Max Reinhart wins face-off versus Matt Mangene in neutral zone.
0:57 of 2nd period - Carson McMillan is hit by Tyson Strachan.
1:33 of 2nd period - Tyler Pitlick is hit by Carson McMillan and loses puck.
1:54 of 2nd period - FARM PLAYER15 is hit by Eric Boulton and loses puck.
2:39 of 2nd period - Stephane Veilleux is hit by Akim Aliu and loses puck.
2:50 of 2nd period - Slapshot by Xavier Ouellet.
2:50 of 2nd period - Stopped by Andrei Vasilevskiy with a rebound.
3:42 of 2nd period - Snap shot by Seth Griffith.
3:42 of 2nd period - Deflect By Brooks Laich.
3:42 of 2nd period - Stopped by Martin Brodeur with a rebound.
3:44 of 2nd period - Slapshot by Tyler Wotherspoon.
3:44 of 2nd period - Shot Misses the Net.
3:46 of 2nd period - Snap shot by Seth Griffith.
3:46 of 2nd period - Goal by Seth Griffith - Penguins : 1 - Heat : 2.
3:47 of 2nd period - Carson McMillan wins face-off versus Matt Ellis in neutral zone.
3:56 of 2nd period - Wrist shot by Danny Biega.
3:56 of 2nd period - Deflect By Dustin Gazley.
3:56 of 2nd period - Shot Blocked by Brooks Laich.
3:56 of 2nd period - Puck is out of play.
3:57 of 2nd period - Carson McMillan wins face-off versus Matt Ellis in Heat zone.
3:58 of 2nd period - Slapshot by Danny Biega.
3:58 of 2nd period - Stopped by Andrei Vasilevskiy without a rebound.
3:59 of 2nd period - Matt Ellis wins face-off versus Carson McMillan in Heat zone.
4:06 of 2nd period - Snap shot by Brooks Laich.
4:06 of 2nd period - Shot Misses the Net.
4:08 of 2nd period - Slapshot by Tyler Wotherspoon.
4:08 of 2nd period - Shot Blocked by Justin Vaive.
5:04 of 2nd period - Adam Clendening is hit by Lucas Lessio and loses puck.
5:40 of 2nd period - Patrice Cormier is hit by Tyler Pitlick and loses puck.
5:45 of 2nd period - Slapshot by Jason Garrison.
5:45 of 2nd period - Shot Blocked by FARM PLAYER15.
5:59 of 2nd period - Wrist shot by Tyler Pitlick.
5:59 of 2nd period - Shot Misses the Net.
6:01 of 2nd period - Slapshot by Tyson Strachan.
6:01 of 2nd period - Shot Misses the Net.
6:03 of 2nd period - Wrist shot by Tyson Strachan.
6:03 of 2nd period - Deflect By Matt Mangene.
6:03 of 2nd period - Stopped by Martin Brodeur with a rebound.
6:27 of 2nd period - Wrist shot by Xavier Ouellet.
6:27 of 2nd period - Stopped by Andrei Vasilevskiy with a rebound.
6:47 of 2nd period - Off-side.
6:48 of 2nd period - Justin Vaive wins face-off versus Seth Griffith in neutral zone.
7:13 of 2nd period - Slapshot by Seth Griffith.
7:13 of 2nd period - Deflect By Brooks Laich.
7:13 of 2nd period - Stopped by Martin Brodeur with a rebound.
7:46 of 2nd period - Xavier Ouellet is hit by Lucas Lessio and loses puck.
8:07 of 2nd period - Snap shot by Jason Gregoire.
8:07 of 2nd period - Shot Blocked by Keith Ballard.
8:09 of 2nd period - Slapshot by Adam Clendening.
8:09 of 2nd period - Deflect By Jason Gregoire.
8:09 of 2nd period - Stopped by Andrei Vasilevskiy with a rebound.
8:11 of 2nd period - Slapshot by Jason Gregoire.
8:11 of 2nd period - Stopped by Andrei Vasilevskiy with a rebound.
8:13 of 2nd period - Snap shot by Jason Gregoire.
8:13 of 2nd period - Shot Misses the Net.
8:33 of 2nd period - Michael Ryder is hit by Adam Clendening and loses puck.
8:38 of 2nd period - Snap shot by Patrice Cormier.
8:38 of 2nd period - Stopped by Andrei Vasilevskiy with a rebound.
9:01 of 2nd period - Minor Penalty to Keith Ballard for Holding.
9:02 of 2nd period - Patrice Cormier wins face-off versus Tyler Pitlick in Heat zone.
9:35 of 2nd period - Slapshot by Jason Garrison.
9:35 of 2nd period - Deflect By Tyler Pitlick.
9:35 of 2nd period - Shot Blocked by Danny Biega.
9:35 of 2nd period - Puck is out of play.
9:36 of 2nd period - Tyler Pitlick wins face-off versus Carson McMillan in Penguins zone.
10:03 of 2nd period - Slapshot by Jason Garrison.
10:03 of 2nd period - Shot Misses the Net.
11:01 of 2nd period - Penalty to Keith Ballard is over, Keith Ballard is back on ice.
11:06 of 2nd period - Wrist shot by Philippe Cornet.
11:06 of 2nd period - Shot Misses the Net.
11:26 of 2nd period - Snap shot by Jason Gregoire.
11:26 of 2nd period - Shot Misses the Net.
11:36 of 2nd period - Tyson Strachan is hit by FARM PLAYER15.
11:40 of 2nd period - Mark Louis is hit by Johan Larsson and loses puck.
14:25 of 2nd period - Snap shot by Dustin Gazley.
14:25 of 2nd period - Shot Blocked by Tyler Wotherspoon.
14:56 of 2nd period - Charles Sarault is hit by Petter Granberg and loses puck.
15:39 of 2nd period - Off-side.
15:40 of 2nd period - Johan Larsson wins face-off versus FARM PLAYER15 in neutral zone.
16:18 of 2nd period - Charles Sarault is hit by Keith Ballard and loses puck.
16:37 of 2nd period - Tyson Strachan is hit by Mark Louis and loses puck.
18:22 of 2nd period - Wrist shot by Brooks Laich.
18:22 of 2nd period - Shot Blocked by Carson McMillan.
18:38 of 2nd period - Danny Biega is hit by Eric Boulton.
18:42 of 2nd period - Slapshot by Jason Gregoire.
18:42 of 2nd period - Shot Misses the Net.
19:01 of 2nd period - Matt Mangene is hit by Brooks Laich and loses puck.
19:24 of 2nd period - Akim Aliu is hit by Brooks Laich.
19:25 of 2nd period - Icing by Akim Aliu.
19:26 of 2nd period - Tyler Pitlick wins face-off versus FARM PLAYER15 in Penguins zone.
19:33 of 2nd period - Eric Boulton is hit by Jay Rosehill and loses puck.
19:59 of 2nd period - Andre Burakovsky is hit by Carson McMillan and loses puck.
Goals for this period are 0 for Penguins vs 1 for Heat.
Shots for this period are 6 for Penguins vs 4 for Heat.

3rd period


0:01 of 3rd period - Patrice Cormier wins face-off versus Andre Burakovsky in neutral zone.
0:08 of 3rd period - Slapshot by Adam Clendening.
0:08 of 3rd period - Shot Blocked by Tyson Strachan.
0:10 of 3rd period - Slapshot by Philippe Cornet.
0:10 of 3rd period - Shot Misses the Net.
0:14 of 3rd period - Snap shot by Matt Mangene.
0:14 of 3rd period - Shot Blocked by Stephane Veilleux.
0:32 of 3rd period - Slapshot by Adam Clendening.
0:32 of 3rd period - Stopped by Andrei Vasilevskiy with a rebound.
0:34 of 3rd period - Slapshot by Adam Clendening.
0:34 of 3rd period - Deflect By Stephane Veilleux.
0:34 of 3rd period - Stopped by Andrei Vasilevskiy with a rebound.
0:36 of 3rd period - Snap shot by Xavier Ouellet.
0:36 of 3rd period - Stopped by Andrei Vasilevskiy without a rebound.
0:37 of 3rd period - Tyler Pitlick wins face-off versus Carson McMillan in Heat zone.
0:37 of 3rd period - Tyler Pitlick is hit by Justin Vaive.
0:43 of 3rd period - Justin Vaive is hit by Eric Boulton and loses puck.
0:56 of 3rd period - Snap shot by Justin Vaive.
0:56 of 3rd period - Stopped by Andrei Vasilevskiy with a rebound.
0:58 of 3rd period - Snap shot by Justin Vaive.
0:58 of 3rd period - Shot Misses the Net.
2:04 of 3rd period - Wrist shot by Lucas Lessio.
2:04 of 3rd period - Goal by Lucas Lessio - Penguins : 1 - Heat : 3.
2:05 of 3rd period - Johan Larsson wins face-off versus Patrice Cormier in neutral zone.
3:02 of 3rd period - Seth Griffith is hit by Justin Vaive and loses puck.
3:13 of 3rd period - Snap shot by Matt Ellis.
3:13 of 3rd period - Shot Misses the Net.
3:28 of 3rd period - Wrist shot by Matt Ellis.
3:28 of 3rd period - Shot Misses the Net.
3:54 of 3rd period - Slapshot by Jason Gregoire.
3:54 of 3rd period - Shot Misses the Net.
3:56 of 3rd period - Wrist shot by Jason Gregoire.
3:56 of 3rd period - Shot Blocked by Max Reinhart.
4:02 of 3rd period - Snap shot by Charles Sarault.
4:02 of 3rd period - Stopped by Andrei Vasilevskiy without a rebound.
4:03 of 3rd period - Patrice Cormier wins face-off versus Michael Ferland in Heat zone.
4:22 of 3rd period - Michael Ferland is hit by Akim Aliu and loses puck.
4:32 of 3rd period - Minor Penalty to Akim Aliu for Slashing.
4:33 of 3rd period - Patrice Cormier wins face-off versus Johan Larsson in Penguins zone.
4:51 of 3rd period - Off-side.
4:52 of 3rd period - Johan Larsson wins face-off versus Patrice Cormier in neutral zone.
5:02 of 3rd period - Off-side.
5:03 of 3rd period - Matt Ellis wins face-off versus Patrice Cormier in neutral zone.
5:26 of 3rd period - Snap shot by Seth Griffith.
5:26 of 3rd period - Stopped by Martin Brodeur with a rebound.
5:28 of 3rd period - Snap shot by Jason Garrison.
5:28 of 3rd period - Shot Hit the Post.
5:40 of 3rd period - Slapshot by Stephane Veilleux.
5:40 of 3rd period - Stopped by Martin Brodeur with a rebound.
5:54 of 3rd period - Philippe Cornet is hit by Corey Potter and loses puck.
6:32 of 3rd period - Penalty to Akim Aliu is over, Akim Aliu is back on ice.
7:13 of 3rd period - Wrist shot by Michael Ryder.
7:13 of 3rd period - Shot Misses the Net.
7:15 of 3rd period - Slapshot by Petter Granberg.
7:15 of 3rd period - Shot Misses the Net.
7:23 of 3rd period - Slapshot by Lucas Lessio.
7:23 of 3rd period - Deflect By Philippe Cornet.
7:23 of 3rd period - Stopped by Martin Brodeur with a rebound.
7:41 of 3rd period - Carson McMillan is hit by Eric Boulton and loses puck.
7:48 of 3rd period - Wrist shot by Danny Biega.
7:48 of 3rd period - Deflect By Justin Vaive.
7:48 of 3rd period - Stopped by Andrei Vasilevskiy with a rebound.
7:54 of 3rd period - Snap shot by Justin Vaive.
7:54 of 3rd period - Deflect By Carson McMillan.
7:54 of 3rd period - Shot Misses the Net.
7:54 of 3rd period - Puck is out of play.
7:55 of 3rd period - Johan Larsson wins face-off versus Charles Sarault in Heat zone.
8:00 of 3rd period - Wrist shot by Andre Burakovsky.
8:00 of 3rd period - Stopped by Martin Brodeur without a rebound.
8:01 of 3rd period - Johan Larsson wins face-off versus Jason Gregoire in Penguins zone.
8:02 of 3rd period - Wrist shot by Andre Burakovsky.
8:02 of 3rd period - Stopped by Martin Brodeur with a rebound.
8:04 of 3rd period - Slapshot by Tyson Strachan.
8:04 of 3rd period - Stopped by Martin Brodeur with a rebound.
8:06 of 3rd period - Slapshot by Tyson Strachan.
8:06 of 3rd period - Stopped by Martin Brodeur with a rebound.
8:08 of 3rd period - Slapshot by Jason Garrison.
8:08 of 3rd period - Shot Misses the Net.
8:10 of 3rd period - Snap shot by Jason Garrison.
8:10 of 3rd period - Shot Blocked by Jason Gregoire.
8:25 of 3rd period - Wrist shot by Stephane Veilleux.
8:25 of 3rd period - Shot Misses the Net.
8:44 of 3rd period - Mark Louis is hit by Michael Ferland and loses puck.
8:53 of 3rd period - Minor Penalty to Tyson Strachan for Hooking.
8:54 of 3rd period - Max Reinhart wins face-off versus Carson McMillan in Heat zone.
10:25 of 3rd period - Matt Mangene is hit by Michael Ferland and loses puck.
10:53 of 3rd period - Penalty to Tyson Strachan is over, Tyson Strachan is back on ice.
10:56 of 3rd period - Adam Clendening is hit by Michael Ryder and loses puck.
12:17 of 3rd period - Wrist shot by Johan Larsson.
12:17 of 3rd period - Shot Blocked by Xavier Ouellet.
12:38 of 3rd period - Jason Gregoire is hit by Petter Granberg.
12:58 of 3rd period - Icing by Petter Granberg.
12:59 of 3rd period - Dustin Gazley wins face-off versus Matt Ellis in Heat zone.
13:06 of 3rd period - Xavier Ouellet is hit by Petter Granberg and loses puck.
13:33 of 3rd period - Snap shot by Tyler Pitlick.
13:33 of 3rd period - Stopped by Martin Brodeur with a rebound.
13:35 of 3rd period - Snap shot by Tyson Strachan.
13:35 of 3rd period - Shot Misses the Net.
14:11 of 3rd period - Patrice Cormier is hit by Tyler Wotherspoon and loses puck.
14:27 of 3rd period - Icing by Patrice Cormier.
14:28 of 3rd period - Matt Ellis wins face-off versus Patrice Cormier in Penguins zone.
14:37 of 3rd period - Snap shot by Seth Griffith.
14:37 of 3rd period - Stopped by Martin Brodeur without a rebound.
14:38 of 3rd period - Charles Sarault wins face-off versus Matt Ellis in Penguins zone.
14:51 of 3rd period - Snap shot by Brooks Laich.
14:51 of 3rd period - Stopped by Martin Brodeur without a rebound.
14:52 of 3rd period - Charles Sarault wins face-off versus Tyler Pitlick in Penguins zone.
15:15 of 3rd period - Tyson Strachan is hit by Akim Aliu and loses puck.
15:24 of 3rd period - Akim Aliu is hit by Eric Boulton and loses puck.
15:46 of 3rd period - Snap shot by Philippe Cornet.
15:46 of 3rd period - Shot Blocked by Michael Ryder.
15:54 of 3rd period - Matt Mangene is hit by Tyson Strachan and loses puck.
15:59 of 3rd period - Snap shot by Lucas Lessio.
15:59 of 3rd period - Stopped by Martin Brodeur with a rebound.
16:20 of 3rd period - Minor Penalty to Johan Larsson for Hooking.
16:21 of 3rd period - Carson McMillan wins face-off versus Michael Ferland in Heat zone.
16:34 of 3rd period - Snap shot by Adam Clendening.
16:34 of 3rd period - Shot Misses the Net.
16:36 of 3rd period - Slapshot by Xavier Ouellet.
16:36 of 3rd period - Deflect By Tyson Strachan.
16:36 of 3rd period - Stopped by Andrei Vasilevskiy without a rebound.
16:37 of 3rd period - Max Reinhart wins face-off versus Carson McMillan in Heat zone.
18:20 of 3rd period - Penalty to Johan Larsson is over, Johan Larsson is back on ice.
18:37 of 3rd period - Adam Clendening is hit by Michael Ryder and loses puck.
18:50 of 3rd period - Wrist shot by Seth Griffith.
18:50 of 3rd period - Shot Blocked by Adam Clendening.
18:52 of 3rd period - Snap shot by Brooks Laich.
18:52 of 3rd period - Goal by Brooks Laich - Penguins : 1 - Heat : 4.
18:53 of 3rd period - Johan Larsson wins face-off versus Charles Sarault in neutral zone.
19:21 of 3rd period - Snap shot by Jason Gregoire.
19:21 of 3rd period - Shot Blocked by Keith Ballard.
19:23 of 3rd period - Wrist shot by Mark Louis.
19:23 of 3rd period - Stopped by Andrei Vasilevskiy without a rebound.
19:24 of 3rd period - Matt Ellis wins face-off versus Carson McMillan in Heat zone.
19:41 of 3rd period - Dustin Gazley is hit by Tyler Wotherspoon and loses puck.
19:48 of 3rd period - Wrist shot by Seth Griffith.
19:48 of 3rd period - Stopped by Martin Brodeur with a rebound.
Goals for this period are 0 for Penguins vs 2 for Heat.
Shots for this period are 8 for Penguins vs 14 for Heat.